 Dungeon Crawl Stone Soup version 0.28.0 (webtiles) character file.

Game seed: 18362896908906046445

2752 Jerry the Covered (level 9, -1/78 HPs)
             Began as a Demigod Fighter on Feb 9, 2022.
             Succumbed to a water moccasin's poison
             ... on level 7 of the Dungeon.
             The game lasted 00:17:54 (9035 turns).

Jerry the Covered (Demigod Fighter)                 Turns: 9035, Time: 00:17:54

Health: -1/78      AC: 10    Str: 27    XL:     9   Next: 18%
Magic:  11/11      EV:  9    Int: 14    God:
Gold:   290        SH:  6    Dex: 17    Spells: 8/8 levels left

rFire   . . .      SeeInvis .   m - +10 mace "Unieskah" {freeze, rC- rN+ Str+2 Int+4}
rCold   x . .      Faith    .   c - +0 buckler
rNeg    + . .      Spirit   .   b - +0 scale mail
rPois   .          Reflect  .   (no helmet)
rElec   .          Harm     .   (no cloak)
rCorr   .          Rampage  +   D - +0 pair of gloves
Will    .....                   r - +0 pair of boots {rampage}
Stlth   ..........              (no amulet)
HPRegen 0.23/turn               (no ring)
MPRegen 0.12/turn               (no ring)

@: lethally poisoned (-1 -> -31)
A: high MP 1, forlorn, divine attributes
a: no special abilities


You were on level 7 of the Dungeon.
You visited 1 branch of the dungeon, and saw 8 of its levels.
You also visited: Ossuary.

You collected 462 gold pieces.
You spent 172 gold pieces at shops.

Inventory:

Hand Weapons
 j - a +1 whip of draining
 m - the +10 mace "Unieskah" (weapon) {freeze, rC- rN+ Str+2 Int+4}
   (You found it on level 3 of the Dungeon)

   It freezes those it strikes, dealing additional cold damage.
   It can also slow down cold-blooded creatures.
   Str:       It affects your strength (+2).
   Int:       It affects your intelligence (+4).
   rC:        It makes you vulnerable to cold.
   rN:        It protects you from negative energy.
 B - a +2 whip of flaming
Armour
 b - a +0 scale mail (worn)
 c - a +0 buckler (worn)
 r - a +0 pair of boots of rampaging (worn)
 D - a +0 pair of gloves (worn)
Jewellery
 s - a +6 ring of intelligence
Wands
 k - a wand of charming (9)
 l - a wand of iceblast (22)
 y - a wand of acid (8)
Scrolls
 a - a scroll of fog
 e - 6 scrolls of identify
 i - a scroll of magic mapping
 n - a scroll of immolation
 q - a scroll of enchant weapon
 t - a scroll of blinking
 u - a scroll of amnesia
 w - a scroll of teleportation
 C - a scroll of summoning {unknown}
Potions
 d - 2 potions of might
 f - 2 potions of ambrosia
 g - a potion of attraction {unknown}
 h - 4 potions of heal wounds
 o - 4 potions of curing {unknown}
 p - 2 potions of mutation {unknown}
 x - 2 potions of degeneration {unknown}
 z - 2 potions of flight {unknown}
 A - a potion of berserk rage {unknown}


   Skills:
 + Level 6.5 Fighting
 + Level 6.1 Maces & Flails
 + Level 6.5 Armour
 + Level 6.5 Shields


You had 8 spell levels left.
You didn't know any spells.
Your spell library contained the following spells:

 Spells                   Type           Power      Damage    Failure   Level
 Sandblast                Erth           0%         2d4       58%         1
 Passwall                 Tmut/Erth      0%         N/A       75%         2
 Stone Arrow              Conj/Erth      0%         3d7       92%         3
 Fireball                 Conj/Fire      0%         3d3       100%        5
 Iskenderun's Battlesphe  Conj           0%         2d6       100%        5
 Conjure Ball Lightning   Conj/Air       0%         3x3d6     100%        6
 Orb of Destruction       Conj           0%         9d5       100%        7


Dungeon Overview and Level Annotations

Branches:
Dungeon (8/15)             Temple (0/1) D:4            Lair (0/6) D:8
Ossuary (visited)

Shops:
D:1 !   D:3 [   D:4 *   D:6 *=[   D:7 (


Innate Abilities, Weirdness & Mutations

You have an increased reservoir of magic. (+10% MP)
You shall have no god before yourself.
Your divine heritage dramatically boosts your attributes as you level up.


Message History

The water moccasin bites you but does no damage.
You hit the water moccasin.
The water moccasin seems to slow down.
You freeze the water moccasin.
You kill the water moccasin!
You feel very sick. The water moccasin bites you.
You are more poisoned.
The water moccasin poisons you! The yak gores you but does no damage.
The water moccasin barely misses you.
You sock the yak! You freeze the yak.
The yak is heavily wounded.
You feel very sick. You block the water moccasin's attack. The yak gores you!
You are too injured to fight recklessly!
You are too injured to fight recklessly!
Unknown command.
You are too injured to fight recklessly!
You are too injured to fight recklessly!
Unknown command.
You are too injured to fight recklessly!
You hit the yak. You freeze the yak.
The yak is severely wounded.
You feel very sick. The water moccasin bites you.
* * * LOW HITPOINT WARNING * * *
The yak gores you but does no damage.
The water moccasin bites you but does no damage.
You sock the yak! You freeze the yak.
The yak is almost dead.
* * * LOW HITPOINT WARNING * * *
You feel very sick. The water moccasin bites you!
* * * LOW HITPOINT WARNING * * *
You are more poisoned.
The water moccasin poisons you! You block the yak's attack.
The water moccasin bites you but does no damage.
The yak closely misses you.
You sock the yak! You freeze the yak.
You kill the yak!
You die...

##....##...##.......##...#
##.........#.......#...##
#####.........##.....##.?...
#........<#....##...##.....#
#...#......................<
#...........#........###...#
#..#..#........#....## #####
#..#...........###<.#
##........†@†..# #.##
#........S##### ###
#.#..##..## #.........#
####......# #...#.## ##..###
#....# ##..##


You could see a water moccasin.

Vanquished Creatures
  A wyvern (D:7)
  3 wraiths
  Eustachio (D:5)
  A yak (D:7)
  A water moccasin (D:7)
  3 ice beasts
  The ghost of mfcas the Slasher, an amateur MiDe (D:3)
  3 black bears
  3 ogres
  A centaur (D:6)
  A phantom (D:5)
  A kobold brigand (D:7)
  A bullfrog (D:7)
  2 wights (Ossuary)
  A howler monkey (D:6)
  A centaur zombie (Ossuary)
  A jelly (D:6)
  A bullfrog skeleton (D:4)
  A gnoll shaman (D:7)
  3 orc priests
  2 hounds
  2 iguanas (D:5)
  3 orc wizards (D:7)
  A hound zombie (D:5)
  4 gnolls (D:7)
  6 adders
  3 white imps
  An adder zombie (Ossuary)
  A dart slug (D:2)
  3 worms
  16 orcs
  8 ball pythons
  9 endoplasms
  3 giant cockroaches
  5 goblins
  12 hobgoblins
  4 jackals
  7 quokkas
  2 bats
  3 frilled lizards
  4 hobgoblin skeletons (Ossuary)
  5 kobolds
  A kobold zombie (Ossuary)
  An orc skeleton (Ossuary)
  A quokka skeleton (D:4)
  3 rats (D:2)
141 creatures vanquished.

Vanquished Creatures (others)
  A plant (D:8)
1 creature vanquished.

Grand Total: 142 creatures vanquished

Notes
Turn   | Place    | Note
-------+----------+-------------------------------------------
     0 | D:1      | Jerry the Demigod Fighter began the quest for the Orb.
     0 | D:1      | Reached XP level 1. HP: 18/18 MP: 3/3
   327 | D:1      | Reached XP level 2. HP: 25/25 MP: 4/4
   875 | D:1      | Found Acalod's Distillery.
  1421 | D:2      | Reached XP level 3. HP: 31/31 MP: 5/5
  2820 | D:3      | Reached XP level 4. HP: 38/38 MP: 6/6
  2824 | D:3      | Found Mudaqic's Antique Armour Shop.
  2869 | D:3      | Noticed a black bear
  2878 | D:3      | Killed a black bear
  2879 | D:3      | Reached XP level 5. HP: 31/45 MP: 7/7
  2975 | D:3      | Found a transporter.
  2984 | D:3      | Noticed mfcas's ghost (amateur MiDe)
  3086 | D:3      | Found a transporter.
  3669 | D:4      | Noticed an ogre
  3684 | D:4      | Killed an ogre
  3795 | D:4      | Found Fecyekk's General Store.
  3898 | D:4      | Found a staircase to the Ecumenical Temple.
  3957 | D:4      | Noticed a green death
  4027 | D:4      | Noticed a hellwing
  4027 | D:4      | Noticed a ynoxinul
  4091 | D:4      | Reached XP level 6. HP: 48/52 MP: 8/8
  4407 | D:5      | Entered Level 5 of the Dungeon
  4684 | D:3      | Identified the +10 mace "Unieskah" {freeze, rC- rN+ Str+2
                  | Int+4}
  4901 | D:3      | Killed mfcas's ghost
  5161 | D:5      | Noticed Eustachio
  5174 | D:5      | Killed Eustachio
  5175 | D:5      | Reached XP level 7. HP: 21/60 MP: 9/9
  5562 | D:3      | Bought a pair of embroidered boots for 172 gold pieces
  5981 | D:5      | Reached skill level 5 in Shields
  6376 | D:6      | Reached skill level 5 in Fighting
  6406 | D:6      | Reached skill level 5 in Armour
  6407 | D:6      | Found Goterch's Assorted Antiques.
  6421 | D:6      | Found Tal Ywy's Jewellery Shoppe.
  6729 | D:6      | Reached XP level 8. HP: 49/68 MP: 10/10
  6881 | D:6      | Found Qaesont's Armour Shoppe.
  6935 | D:6      | Reached skill level 5 in Maces & Flails
  7088 | D:7      | Found a sand-covered staircase.
  7095 | Ossuary  | Entered an ossuary
  7971 | D:7      | Found Gygah's Antique Weapon Shop.
  8325 | D:7      | Reached XP level 9. HP: 20/75 MP: 11/11
  9021 | D:8      | Found a staircase to the Lair.
  9035 | D:7      | Succumbed to a water moccasin's poison

Illustrated notes

Levels and vault maps discovered:
D:1:      dpeg_arrival_ternary, layout_loops_corners, serial_shops, shop,
          minmay_vboxes
D:2:      cheibrodos_helix_gallery, layout_loops_corners,
          shapermc_ecumenical_altar_mp_highgroup, item_on_display_a
D:3:      layout_basic, lemuel_coloured_pillars_altar, serial_shops,
          nicolae_shop_stone, gammafunk_ghost_arena
D:4:      layout_cave_pools, makhleb_altar_promises_db,
          minmay_temple_entry_stoned_glass, serial_shops, kennysheep_mini,
          serial_rivers, chequers_serial_rivers_small_b,
          chequers_serial_rivers_micro_d, chequers_serial_rivers_large_a,
          chequers_serial_rivers_large_b
D:5:      layout_loops_corners, mainiacjoe_overflow_tiny_flanked, uniq_eustachio
D:6:      layout_gridville, serial_shops, nicolae_square_shop, shop, shop_statue
D:7:      kennysheep_spiral_hall, layout_cave_pools, grunt_temple_overflow_open,
          mainiacjoe_overflow_large_starburst, nicolae_ossuary_entry_ruins,
          serial_shops, nicolae_shop_overgrown_old_shop,
          hangedman_abyss_or_decor_slice
D:8:      layout_cave_pools, mainiacjoe_overflow_small_starburst,
          minmay_lair_entry_grove, feat_on_display

Skill      XL: |  1  2  3  4  5  6  7  8  9 |
---------------+----------------------------+-----
Maces & Flails | 2 3 4 5 6 |  6.1
Armour         | 3 4 5 6 |  6.5
Shields        | 3 4 5 6 |  6.5
Fighting       | 3 4 5 6 |  6.5

Action                   |  1- 3 |  4- 6 |  7- 9 || total
-------------------------+-------+-------+-------++-------
Melee: Flail             |    51 |       |       ||    51
       Whip              |   123 |   140 |     9 ||   272
       Mace              |       |    26 |   156 ||   182
  Use: Scroll            |     8 |     2 |     3 ||    13
       Potion            |       |     1 |       ||     1
Armor: Scale mail        |    53 |    65 |    80 ||   198
Dodge: Dodged            |    57 |    66 |    63 ||   186
Block: Buckler           |    23 |    37 |    40 ||   100
